 Dungeon Crawl Stone Soup version 0.31-a0-234-gad7ace16ef (webtiles) character file.

Game seed: 285286217339358353

161 qw the Shooter (level 5, -1/30 HPs)
             Began as a Gargoyle Hexslinger on July 9, 2023.
             Slain by a kobold
             ... wielding a +0 short sword
              (2 damage)
             ... in a sewer.
             The game lasted 00:00:52 (1815 turns).

qw the Shooter (Gargoyle Hexslinger)                Turns: 1815, Time: 00:00:53

Health: -1/30      AC: 11    Str: 12    XL:     5   Next: 42%
Magic:  6/6        EV: 11    Int: 13    God:
Gold:   22         SH:  0    Dex: 14    Spells: 5/6 levels left

rFire   . . .        Y - +1 sling
rCold   . . .        (no shield)
rNeg    + . .        a - +0 leather armour
rPois   inf          d - +2 hat
rElec   +            c - +0 cloak
rCorr   .            e - +0 pair of gloves
SInv    .            (no boots)
Will    .....        (no amulet)
Stlth   +            (no ring)
HPRegen 0.25/turn    (no ring)
MPRegen 0.10/turn

%: no passive effects
@: no status effects
A: sickness immunity, AC +4, negative energy resistance 1, electricity
resistance, torment resistance 1, petrification resistance
a: no special abilities


You were in a sewer.
You visited 1 branch of the dungeon, and saw 3 of its levels.
You also visited: Sewer.

You collected 48 gold pieces.
You spent 26 gold pieces at shops.


Innate Abilities, Weirdness & Mutations

You are immune to sickness and miasma.
Your stone body is resilient. (AC +4)
You are immune to poison.
You resist negative energy. (rN+)
You are resistant to electric shocks. (rElec)
You are resistant to unholy torment.
You are immune to petrification.


   Skills:
 + Level 2.0 Fighting
 - Level 5.2 Ranged Weapons
 - Level 1.5 Dodging
 - Level 1.0 Spellcasting
 - Level 2.6 Hexes


You had 5 spell levels left.
You knew the following spells:

 Your Spells              Type           Power      Damage    Failure   Level
a - Slow                  Hex            28%        N/A       12%         1

Your spell library contained the following spells:

 Spells                   Type           Power      Damage    Failure   Level
 Inner Flame              Hex/Fire       4%         N/A       52%         3
 Portal Projectile        Hex/Tloc       8%         N/A       52%         3
 Cause Fear               Hex            3%         N/A       75%         4

Inventory:

Hand Weapons
 Y - a +1 sling (weapon)
Armour
 a - a +0 leather armour (worn)
 c - a +0 cloak (worn)
 d - a +2 hat (worn)
 e - a +0 pair of gloves (worn)
Scrolls
 k - 2 scrolls of identify
Potions
 b - a potion of haste {unknown}
 f - a potion of enlightenment
 g - a potion of curing {unknown}
 h - a potion of degeneration {unknown}
 i - a potion of invisibility {unknown}
 j - a potion of might {unknown}
 l - 2 potions of magic {unknown}
 m - a potion of cancellation {unknown}

Dungeon Overview and Level Annotations

Branches:
Dungeon (3/15)              Sewer (1/1)

Altars:
Gozag
Vehumet

Shops:
D:3 ?


Message History

The sling bullet completely misses the kobold brigand.
The kobold closely misses you. The kobold brigand closely misses you.
The kobold hits you but does no damage.
The kobold brigand hits you with a +0 club.
You shoot a sling bullet.
The sling bullet hits the kobold brigand.
The kobold brigand is almost dead.
The kobold hits you but does no damage.
The kobold brigand hits you with a +0 dagger.
The kobold hits you with a +0 short sword.
The kobold brigand hits you with a +0 club.
The kobold hits you but does no damage.
The kobold brigand hits you with a +0 dagger.
You shoot a sling bullet.
The sling bullet hits the kobold brigand but does no damage.
The kobold brigand is almost dead.
The kobold hits you with a +0 short sword.
The kobold brigand splashes around in the water.
The kobold hits you but does no damage.
The kobold brigand hits you but does no damage.
You shoot a sling bullet.
The sling bullet hits the kobold brigand!
You kill the kobold brigand!
You hear a splash. x2
The kobold hits you with a +0 short sword.
The kobold brigand closely misses you. The kobold closely misses you.
Your Ranged Weapons skill increases to level 5!
You have reached level 5!
You shoot a sling bullet.
The sling bullet closely misses the kobold brigand.
The kobold barely misses you.
The kobold brigand hits you but does no damage.
The kobold hits you but does no damage. x2
You shoot a sling bullet.
The sling bullet closely misses the kobold brigand.
The kobold hits you with a +0 short sword.
The kobold brigand hits you but does no damage.
The kobold splashes around in the water.
The kobold hits you with a +0 short sword.
You die...

##.....~~~~~
#.....~~~#
##....~~P#
#.....P~#
#......P#
#.......#
##...~.~#
#...~~~#
###K@K~#
##KK## KK..#
#!.!.#
#..\.#
#...!#
######


You could see a kobold brigand and 5 kobolds.

Vanquished Creatures
  A kobold brigand (Sewer)
  3 adders
  A dart slug (D:1)
  5 bats
  5 endoplasms
  6 giant cockroaches
  4 hobgoblins (D:2)
  4 jackals (D:3)
  11 kobolds
  4 quokkas
  2 ball pythons (D:2)
  4 frilled lizards
  2 goblins (D:1)
  4 rats
56 creatures vanquished.

Notes
Turn   | Place    | Note
-------+----------+-------------------------------------------
     0 | D:1      | qw the Gargoyle Hexslinger began the quest for the Orb.
     0 | D:1      | Reached XP level 1. HP: 12/12 MP: 2/2
     0 | D:1      | 0 ||| qw: Version: 0.3-a-51-g015441d
     0 | D:1      | 0 ||| qw: Game counter: 4252
     0 | D:1      | 0 ||| qw: Melee chars always use a shield: true
     0 | D:1      | 0 ||| qw: God list: Okawaru
     0 | D:1      | 0 ||| qw: Allow faded altars: false
     0 | D:1      | 0 ||| qw: Do Orc after clearing Dungeon:15 true
     0 | D:1      | 0 ||| qw: Do second Lair branch before Depths: true
     0 | D:1      | 0 ||| qw: Lair rune preference: random
     0 | D:1      | 0 ||| qw: Goals: Normal
     0 | D:1      | 0 ||| PLANNING D:1-11
   200 | D:1      | Reached XP level 2. HP: 16/16 MP: 3/3
   375 | D:1      | 375 ||| DROPPING +6 ring of intelligence.
   376 | D:1      | 376 ||| READING scroll labelled FIHYQE UL DYO.
   377 | D:1      | 377 ||| Stepping ~*~*~tactically~*~*~ (water).
   437 | D:1      | Reached skill level 3 in Ranged Weapons
   791 | D:1      | 791 ||| UPGRADING to +0 leather armour.
   801 | D:1      | 801 ||| DROPPING +0 robe.
   802 | D:1      | 802 ||| READING scroll labelled HOUGYT XUM.
   803 | D:1      | 803 ||| READING scroll labelled ENWO JAUB HUCU.
   804 | D:1      | 804 ||| DROPPING scroll of poison.
   860 | D:2      | Reached XP level 3. HP: 21/21 MP: 4/4
   904 | D:2      | Found the macabre finger necklace {Finger+ rN+}
  1211 | D:2      | 1211 ||| UPGRADING to +0 cloak.
  1216 | D:2      | 1216 ||| UPGRADING to +2 hat.
  1221 | D:2      | 1221 ||| UPGRADING to +0 pair of gloves.
  1226 | D:2      | 1226 ||| READING scroll labelled WON OREMUORU.
  1227 | D:2      | 1227 ||| DRINKING 2 lumpy sapphire potions.
  1239 | D:3      | 1239 ||| PLANNING SEWER
  1256 | D:3      | Found an opulent altar of Gozag.
  1323 | D:3      | Found a radiant altar of Vehumet.
  1382 | D:3      | Reached XP level 4. HP: 20/26 MP: 5/5
  1416 | D:3      | Found Zuamin's Magic Scroll Emporium.
  1428 | D:3      | 1428 ||| SHOPLISTING scroll of enchant weapon (97 gold,
                  | have 38).
  1428 | D:3      | 1428 ||| BUYING scroll of identify (26 gold).
  1428 | D:3      | Bought a scroll of identify for 26 gold pieces
  1428 | D:3      | 1428 ||| SHOPLISTING scroll of identify (26 gold, have 12).
  1428 | D:3      | 1428 ||| SHOPLISTING scroll of teleportation (39 gold, have
                  | 12).
  1482 | D:3      | Found a faded altar of an unknown god.
  1592 | D:3      | Reached skill level 4 in Ranged Weapons
  1652 | D:3      | 1652 ||| Stepping ~*~*~tactically~*~*~ (water).
  1695 | D:3      | Found a glowing drain.
  1696 | D:3      | 1696 ||| READING scroll labelled KYECROLEPH.
  1697 | D:3      | 1697 ||| READING scroll labelled XIYDWO ROOPIGU.
  1701 | Sewer    | Entered a sewer
  1801 | Sewer    | Noticed a kobold brigand
  1801 | Sewer    | Noticed a kobold brigand
  1812 | Sewer    | HP: 5/26 [kobold/+0 short sword (3)]
  1813 | Sewer    | Killed a kobold brigand
  1814 | Sewer    | Reached skill level 5 in Ranged Weapons
  1814 | Sewer    | Reached XP level 5. HP: 3/30 MP: 6/6
  1815 | Sewer    | HP: 1/30 [kobold/+0 short sword (3)]
  1815 | Sewer    | Slain by a kobold

Levels and vault maps discovered:
D:1:      psy_arrival_radial01, layout_basic, moated_statue,
          serial_bayou_lagoon_a, nrook_loot_triangle, solitary_fountain,
          due_unseen_surprise
D:2:      layout_rooms
D:3:      layout_basic, lemuel_round_altar, lemuel_round_altar,
          ebering_ecumenical_altar_box, serial_shops, shop,
          gup_sewer_entry_spiral, supply_closet_lemuel, serial_park_tiny_pond,
          uniq_jessica
Sewer:    kennysheep_pipe_town

Skill      XL: |  1  2  3  4 |
---------------+-------------+-----
Ranged Weapons | 3 5 |  5.2
Fighting       | 2 |  2.0
Dodging        | |  1.5
Spellcasting   | |  1.0
Hexes          | |  2.6

Action                     |  1- 3 |  4- 6 || total
---------------------------+-------+-------++-------
   Fire: Sling             |   124 |    89 ||   213
    Use: Scroll            |     4 |     2 ||     6
         Potion            |     1 |       ||     1
 Armour: Robe              |     5 |       ||     5
         Leather armour    |    22 |    42 ||    64
  Dodge: Dodged            |    58 |    46 ||   104

Table legend:
 A = Non-vault XP
 B = Vault XP
 C = Vault XP percentage of total XP
 D = Non-vault monster count
 E = Vault monster count
 F = Vault count percentage of total count
                 A         B        C        D         E       F
            +---------+---------+-------+---------+---------+-------
      Total |      87 |     143 |  62.2 |      38 |      18 |  32.1
            +---------+---------+-------+---------+---------+-------
        D:1 |      29 |       0 |   0.0 |      16 |       0 |   0.0
        D:2 |      33 |       0 |   0.0 |      15 |       0 |   0.0
        D:3 |      25 |      27 |  51.9 |       7 |       8 |  53.3
      Sewer |       0 |     116 | 100.0 |       0 |      10 | 100.0
            +---------+---------+-------+---------+---------+-------
